cohdb
Replays
Latest Replays
All Replays
Popular Replays
Top Player Replays
Match Explorer
How It Works
Community
CoH3 Stats
Reddit
Sign in to upload your games and track your stats! →
Sign in with Steam
Match 45395905
Unlisted
Match 45395905
Overview
Messages
Build Orders
End
Kettenkrad Recon Vehicle
Construct Infanterie Kompanie
Selects Terror Battlegroup
Selects Machine Gun Camouflage
MG 42 Machine Gun Team
MG 42 Machine Gun Team
Grenadier Squad
Construct Luftwaffe Kompanie
Jäger Squad
Support Elements
Medical Station
Wirbelwind Flakpanzer
Wirbelwind Flakpanzer
Wirbelwind Flakpanzer
Jäger Squad
Side Skirts
Selects Defend the Fatherland
Wirbelwind Flakpanzer
Jäger Squad
Selects King Tiger Heavy Tank
Safety First
Ashur
DebaKLeTV
딸깍
0
0
Comments
sign in to comment!
No comments posted yet!